 Dungeon Crawl Stone Soup version 0.27.1 (webtiles) character file.

Game seed: 971283700346479168

55408 MajorAdolf the Covert (level 14, -14/129 HPs)
             Began as a Naga Wanderer on Aug 21, 2021.
             Was an Initiate of Gozag.
             Demolished by an ettin (21 damage)
             ... on level 14 of the Dungeon on Aug 22, 2021.
             The game lasted 01:08:13 (28042 turns).

MajorAdolf the Covert (Naga Wanderer)              Turns: 28042, Time: 01:08:13

Health: -14/129    AC: 32    Str: 19    XL:     14   Next: 77%
Magic:  32/35      EV:  5    Int: 15    God:    Gozag
Gold:   886        SH: 21    Dex: 12    Spells: 19/30 levels left

rFire    + . .     SeeInvis +   l - +4 dagger (elec)
rCold    . . .     Faith    .   b - +1 tower shield {AC+3}
rNeg     . . .     Spirit   .   N - +6 ring mail "Vibruzigeu" {rF+ MP+9 Slay+4}
rPois    +         Reflect  +   P - +2 helmet
rElec    .         Harm     .   (no cloak)
rCorr    +         Rampage  .   Q - +2 pair of gloves {Str+3}
Will     +....                  (no barding)
Stlth    +++++.....             D - amulet of Ystuotyd {Reflect Slay+2 SH+5}
HPRegen  0.31/turn              T - ring of Prescription {rCorr AC+4 Slay+2}
MPRegen  0.24/turn              p - +4 ring of protection

@: studying 2 skills, very slow
A: AC +4, large, see invisible, deformed body, poison resistance, slowness 2,
spit poison 1, naga tail 2, iridescent scales 1, wild magic 1
a: Spit Poison, Renounce Religion, Potion Petition, Call Merchant, Bribe Branch


You were on level 14 of the Dungeon.
You worshipped Gozag.
Gozag was pleased with you.
You visited 3 branches of the dungeon, and saw 18 of its levels.
You also visited: Ossuary and Gauntlet.

You collected 5108 gold pieces.
You spent 4130 gold pieces at shops.
You paid 92 gold pieces to Gozag.

Inventory:

Hand Weapons
 l - a +4 dagger of electrocution (weapon)
 n - the +7 mace of Defiance {spect, Contam Fragile rC+++ SInv}
   (You took it off a minotaur in a Gauntlet)

   When its wielder attacks, the weapon's spirit leaps out and strikes again.
   The spirit shares a part of any damage it takes with its wielder.
   rC:        It renders you almost immune to cold.
   SInv:      It lets you see invisible.
   Contam:    It causes magical contamination when unequipped.
   Fragile:   It will be destroyed if unequipped.
Missiles
 C - a throwing net
Armour
 b - a +1 tower shield of protection (worn)
 N - the +6 ring mail "Vibruzigeu" (worn) {rF+ MP+9 Slay+4}
   (You bought it in a shop on level 9 of the Dungeon)

   Slay:      It affects your accuracy & damage with ranged weapons and melee
   (+4).
   rF:        It protects you from fire.
   MP:        It affects your magic capacity (+9).
 P - a +2 helmet (worn)
 Q - a +2 pair of gloves of strength (worn)
Jewellery
 p - a +4 ring of protection (right hand)
 y - a ring of positive energy
 D - the amulet of Ystuotyd (around neck) {Reflect Slay+2 SH+5}
   (You acquired it on level 14 of the Dungeon)

   [amulet of reflection]

   It reflects blocked missile attacks.
   Slay:      It affects your accuracy & damage with ranged weapons and melee
   (+2).
   SH:        It affects your SH (+5).
 T - the ring of Prescription (left hand) {rCorr AC+4 Slay+2}
   (You bought it in a shop on level 9 of the Dungeon)

   [ring of protection]

   AC:        It affects your AC (+4).
   Slay:      It affects your accuracy & damage with ranged weapons and melee
   (+2).
   rCorr:     It protects you from acid and corrosion.
Wands
 d - a wand of flame (50)
 f - a wand of digging (4)
 j - a wand of iceblast (16)
 O - a wand of charming (12)
 S - a wand of paralysis (23)
Scrolls
 e - 2 scrolls of fog
 g - a scroll of identify
 h - a scroll of vulnerability {unknown}
 k - a scroll of blinking {unknown}
 o - 8 scrolls of teleportation
 q - 4 scrolls of fear
 t - 2 scrolls of silence
 u - a scroll of summoning
 B - a scroll of magic mapping
 I - a scroll of immolation
 J - a scroll of brand weapon
 K - a scroll of holy word
 M - a scroll of amnesia
Potions
 a - 3 potions of brilliance
 c - 7 potions of curing
 i - 4 potions of lignification
 r - 3 potions of resistance
 s - 8 potions of berserk rage
 v - 2 potions of heal wounds
 x - a potion of magic
 z - 2 potions of flight
 A - 5 potions of haste
 L - 3 potions of cancellation {unknown}


   Skills:
 + Level 9.2 Fighting
 + Level 9.6 Short Blades
 - Level 1.7 Crossbows
 - Level 1.5 Armour
 + Level 13.9 Stealth
 + Level 6.0 Shields
 + Level 8.5 Spellcasting
 + Level 8.9 Conjurations
 + Level 2.9 Necromancy
 - Level 5.0 Translocations
 - Level 1.0 Transmutations
 + Level 7.1 Fire Magic
 + Level 8.8 Air Magic
 + Level 11.2 Poison Magic


You had 19 spell levels left.
You knew the following spells:

 Your Spells              Type           Power      Damage    Failure   Level
a - Magic Dart            Conj           100%       1d8       5%          1
b - Mephitic Cloud        Conj/Pois/Air  46%        N/A       12%         3
c - Conjure Flame         Conj/Fire      39%        6-21      21%         3
d - Blink                 Tloc           N/A        N/A       34%         2
e - Sublimation of Blood  Necr           9%         N/A       61%         2

Your spell library contained the following spells:

 Spells                   Type           Power      Damage    Failure   Level
 Searing Ray              Conj           86%        3d6       8%          2
 Corpse Rot               Necr/Air       N/A        N/A       26%         2
 Spider Form              Tmut/Pois      16%        N/A       41%         3
 Dazzling Flash           Conj/Hex       50%        N/A       63%         3
 Stone Arrow              Conj/Erth      50%        3d10      63%         3
 Iskenderun's Mystic Bla  Conj/Tloc      35%        2d8       67%         4
 Portal Projectile        Hex/Tloc       36%        N/A       87%         3
 Call Imp                 Summ           8%         N/A       94%         2
 Slow                     Hex            8%         N/A       94%         2
 Fulminant Prism          Conj/Hex       12%        3d9       95%         4
 Dispel Undead            Necr           19%        3d11      99%         4
 Bolt of Magma            Conj/Fire/Erth 14%        4d8       99%         5
 Blade Hands              Tmut           6%         N/A       100%        5
 Excruciating Wounds      Necr           9%         N/A       100%        5
 Death Channel            Necr           9%         N/A       100%        6
 Starburst                Conj/Fire      19%        6d7       100%        6
 Shatter                  Erth           4%         3d7*      100%        9


Dungeon Overview and Level Annotations

Branches:
Dungeon (15/15)            Temple (1/1) D:5            Lair (0/6) D:8
    Orc (2/2) D:11            Elf (0/3) Orc:2        Vaults (0/5) D:14
Ossuary (visited)         Gauntlet (visited)
 Depths: D:15

Altars:
Ashenzari
Cheibriados
Dithmenos
Elyvilon
Fedhas
Gozag
Hepliaklqana
Kikubaaqudgha
Makhleb
Nemelex Xobeh
Okawaru
Qazlal
Ru
Sif Muna
Trog
Uskayaw
Vehumet
Wu Jian
Xom
Yredelemnul
Zin
The Shining One
Beogh

Shops:
D:7 =*   D:9 [?*=[   D:11 [   Orc:1 :   Orc:2 :=*[

Portals:
Trove: D:14 (give 6 scrolls of blinking)

Annotations:
D:13 2 transporters, exclusion: 2 downstairs


Innate Abilities, Weirdness & Mutations

Your serpentine skin is tough. (AC +4)
You have supernaturally acute eyesight. (SInv)
Armour fits poorly on your strangely shaped body.
Your system is resistant to poisons. (rPois)
You cover ground very slowly.
You can spit poison.
You can use your snake-like lower body to constrict enemies.
You are partially covered in iridescent scales. (AC +2)
Your spells are a little harder to cast, but a little more powerful.


Message History

The ettin is heavily wounded.
You block the ettin's attack. The ettin barely misses you.
Unknown command.
Casting: Mephitic Cloud (mildly dangerous; 12% risk of failure)
Confirm with . or Enter, or press ? or * to list all spells.
Aiming: Mephitic Cloud (mildly dangerous; 12% risk of failure)
Press: ? - help, Shift-Dir - straight line, f/p - ettin
Aim: an ettin, wielding two +0 dire flails (heavily wounded, chance to affect: 43%)
The ball explodes into a vile cloud!
The stinking cloud engulfs the ettin but does no damage.
The ettin is heavily wounded.
The stinking cloud engulfs you but does no damage.
You block the orc knight's attack.
The ettin is engulfed in noxious fumes.
The ettin appears confused.
The ettin hits you with a +0 dire flail!! x2
Unknown command.
You are too injured to fight recklessly!
You are too injured to fight recklessly!
Unknown command.
You hit the ettin.
The ettin is heavily wounded.
You block the orc knight's attack. The freezing wraith hits you.
The freezing wraith freezes you!
* * * LOW HITPOINT WARNING * * *
You block the freezing wraith's attack.
The ettin is engulfed in noxious fumes.
The ettin appears confused.
The ettin grins madly.
The ettin barely misses the freezing wraith.
The ettin hits the freezing wraith with a +0 dire flail!
You hit the ettin but do no damage.
The ettin is heavily wounded.
You block the orc knight's attack. The freezing wraith hits you.
* * * LOW HITPOINT WARNING * * *
The freezing wraith freezes you!!
* * * LOW HITPOINT WARNING * * *
The freezing wraith barely misses you.
The ettin is engulfed in noxious fumes.
The ettin appears confused.
The ettin hits you with a +0 dire flail!!
You die...
Your body crumbles into a pile of gold.

##...$...>..$#.♣.♣ # #♣.
###....$##....#.♣♣♣ #)♣
#.........$...#♣. #.♣
###.......$....# . #.♣
#.......##.....# ♣. #♣(
##......##...).######## ##
#####........$$..........
#)#....(...#.☼°§$........
##........#.#.§C@.........
..............#☼Wo........
.........###..#...........
..........#..##...........
..........##.#............
..........................
..........................
.........##...............
.....######.


You could see an orc knight, an ettin (confused) and a freezing wraith.

Vanquished Creatures
  Rupert (D:15)
  A balrug (Gauntlet)
  A very ugly thing (D:15)
  Azrael (D:12)
  A minotaur (Gauntlet)
  A hydra (D:14)
  A rakshasa (D:14)
  2 ogre magi (Orc:2)
  5 centaur warriors
  A boulder beetle (D:14)
  15 two-headed ogres
  An orc high priest (Orc:1)
  2 deep trolls (Orc:2)
  4 wizards
  4 ugly things (D:14)
  A deep elf pyromancer (D:13)
  2 orc knights
  A wolf spider (D:14)
  4 cyclopes
  A manticore (D:14)
  Joseph (D:8)
  4 gargoyles
  An unseen horror (D:12)
  A yaktaur (shapeshifter) (D:14)
  A kobold demonologist (D:10)
  2 komodo dragons
  11 trolls
  A hornet (D:13)
  Grinder (D:3)
  6 slime creatures
  A centaur simulacrum (Gauntlet)
  A shadow (D:13)
  A wyvern (D:9)
  Sigmund (D:2)
  A vampire (D:12)
  3 wraiths
  8 yaks
  14 vampire mosquitoes
  2 fire elementals (D:12)
  14 humans
  Grum (D:8)
  A redback simulacrum (Gauntlet)
  2 steam dragons
  5 wargs
  A harpy simulacrum (Gauntlet)
  Edmund (D:6)
  5 acid dragons
  7 hell hounds
  Duvessa (D:6)
  5 water moccasins
  A sky beast (D:6)
  A black bear (D:8)
  An ice beast (D:8)
  23 orc warriors
  A necrophage (D:6)
  2 wolves (D:8)
  20 ogres
  10 centaurs
  8 bullfrogs
  7 scorpions
  A gnoll sergeant (D:9)
  Dowan (D:6)
  12 killer bees
  A water moccasin skeleton (D:3)
  4 wights (D:8)
  An electric eel (Orc:2)
  13 howler monkeys
  5 centaur zombies
  A jelly (shapeshifter) (D:14)
  5 hounds
  A bullfrog skeleton (D:4)
  16 orc priests
  3 human zombies (Ossuary)
  2 iguanas (D:5)
  4 jellies
  Jessica (D:3)
  Natasha (D:1)
  Terence (D:3)
  20 orc wizards
  2 scorpion zombies (Ossuary)
  3 killer bee zombies
  A hound skeleton (D:4)
  3 mummies (Ossuary)
  A howler monkey skeleton (D:7)
  2 howler monkey zombies
  4 gnolls
  9 adders
  A shadow imp (D:8)
  A white imp (D:5)
  An ufetubus (D:7)
  2 worms
  3 dart slugs (D:1)
  69 orcs
  4 ball pythons
  A bat skeleton (D:2)
  9 endoplasms
  6 giant cockroaches
  8 hobgoblins
  7 jackals
  9 bats
  5 frilled lizards
  4 gnoll zombies (Ossuary)
  10 goblins
  5 goblin zombies (Ossuary)
  2 hobgoblin zombies (Ossuary)
  7 kobolds
  A kobold zombie (Ossuary)
  An orc zombie (Ossuary)
  A rat (D:2)
503 creatures vanquished.

Vanquished Creatures (others)
  4 demonic plants (Gauntlet)
  48 fungi (D:8)
  64 plants
  A withered plant (D:2)
117 creatures vanquished.

Grand Total: 620 creatures vanquished

Notes
Turn   | Place    | Note
-------+----------+-------------------------------------------
     0 | D:1      | MajorAdolf the Naga Wanderer began the quest for the Orb.
     0 | D:1      | MajorAdolf set off with the following items: a +0 club, a
                  | scroll of teleportation, a +0 ring mail, a +0 dagger; and
                  | the following spell memorised: Magic Dart; and the
                  | following spells available to memorise: Blink, Call Imp,
                  | Slow, Conjure Flame, Mephitic Cloud
     0 | D:1      | Reached XP level 1. HP: 18/18 MP: 3/3
   689 | D:1      | Reached XP level 2. HP: 23/25 MP: 5/5
  1265 | D:1      | Found a faded altar of an unknown god.
  1446 | D:2      | Reached skill level 1 in Conjurations
  1538 | D:2      | Noticed Natasha
  1554 | D:1      | Reached XP level 3. HP: 10/31 MP: 6/6
  1866 | D:1      | Learned a level 3 spell: Mephitic Cloud
  2429 | D:1      | Killed Natasha
  2430 | D:1      | Reached skill level 4 in Stealth
  2430 | D:1      | Reached skill level 1 in Poison Magic
  2430 | D:1      | Reached XP level 4. HP: 16/39 MP: 1/7
  2710 | D:2      | Noticed Sigmund
  2777 | D:3      | Noticed Jessica
  2785 | D:3      | Killed Jessica
  2786 | D:3      | Reached skill level 1 in Air Magic
  3003 | D:3      | Reached XP level 5. HP: 45/45 MP: 6/9
  3044 | D:3      | Noticed Terence
  3049 | D:3      | Killed Terence
  3945 | D:3      | Noticed Grinder
  4103 | D:3      | Reached skill level 5 in Stealth
  4103 | D:3      | Reached XP level 6. HP: 13/55 MP: 5/10
  5283 | D:5      | Entered Level 5 of the Dungeon
  5297 | D:5      | Found a sand-covered staircase.
  5319 | Ossuary  | Entered an ossuary
  5523 | Ossuary  | Reached XP level 7. HP: 54/62 MP: 10/12
  5785 | Ossuary  | Reached skill level 6 in Stealth
  6296 | Ossuary  | Gained mutation: Your body sometimes deteriorates upon
                  | taking damage. [potion of mutation]
  6296 | Ossuary  | Gained mutation: Your spells are a little harder to cast,
                  | but a little more powerful. [potion of mutation]
  6297 | Ossuary  | Lost mutation: Your spells are a little harder to cast, but
                  | a little more powerful. [potion of mutation]
  6297 | Ossuary  | Lost mutation: Your body sometimes deteriorates upon taking
                  | damage. [potion of mutation]
  6297 | Ossuary  | Gained mutation: You are somewhat resistant to further
                  | mutation. [potion of mutation]
  6453 | Ossuary  | Reached XP level 8. HP: 66/72 MP: 11/13
  6923 | D:5      | Found a glowing golden altar of the Shining One.
  6933 | D:5      | Reached skill level 7 in Stealth
  7685 | D:5      | Reached skill level 1 in Short Blades
  8045 | D:5      | Found a staircase to the Ecumenical Temple.
  8062 | Temple   | Entered the Ecumenical Temple
  8271 | D:6      | Noticed Edmund
  8301 | D:6      | Reached skill level 5 in Poison Magic
  8301 | D:6      | Reached XP level 9. HP: 74/79 MP: 15/15
  8333 | D:6      | Killed Edmund
  8334 | D:6      | Reached skill level 8 in Stealth
  8672 | D:6      | Noticed Duvessa
  8672 | D:6      | Noticed Dowan
  8851 | D:6      | Identified the +9 dagger of Intuition {pain, Str+3}
  8877 | D:6      | Found an ancient bone altar of Kikubaaqudgha.
  9704 | D:6      | Reached skill level 5 in Fighting
 10083 | D:7      | Found Gozag's Platinum Reserve.
 10142 | D:7      | Reached skill level 5 in Spellcasting
 10222 | D:7      | Found a shadowy altar of Dithmenos.
 10231 | D:7      | Lost mutation: You are somewhat resistant to further
                  | mutation. [potion of mutation]
 10231 | D:7      | Gained mutation: Your spells are a little harder to cast,
                  | but a little more powerful. [potion of mutation]
 10231 | D:7      | Gained mutation: Your tail ends in a poisonous barb.
                  | [potion of mutation]
 10555 | D:7      | Found an opulent altar of Gozag.
 10578 | D:7      | Found Izocep Just's Jewellery Shoppe.
 10612 | D:7      | Became a worshipper of Gozag Ym Sagoz the Greedy
 10842 | D:8      | Noticed a two-headed ogre
 11289 | D:4      | Found a radiant altar of Vehumet.
 11431 | D:4      | Reached skill level 1 in Shields
 11601 | D:4      | Reached skill level 9 in Stealth
 11601 | D:4      | Reached skill level 5 in Conjurations
 11874 | D:3      | Found a sparkling altar of Nemelex Xobeh.
 11981 | D:3      | Killed Grinder
 11982 | D:3      | Reached XP level 10. HP: 64/88 MP: 12/17
 12220 | D:3      | You fall into a shaft and drop 2 floors!
 12225 | D:5      | Learned a level 3 spell: Conjure Flame
 12350 | D:6      | Killed Duvessa
 12356 | D:6      | Killed Dowan
 13288 | D:2      | Killed Sigmund
 13289 | D:2      | Reached skill level 5 in Air Magic
 13735 | D:8      | Noticed Joseph
 14075 | D:8      | Reached skill level 1 in Fire Magic
 14788 | D:9      | Found Weoliur's Magic Scroll Emporium.
 14934 | D:9      | Bought a scroll of identify for 24 gold pieces
 14935 | D:9      | Bought a scroll of amnesia for 42 gold pieces
 14935 | D:9      | Bought a scroll of identify for 24 gold pieces
 14935 | D:9      | Bought a scroll of identify for 24 gold pieces
 14935 | D:9      | Bought a scroll of identify for 24 gold pieces
 14935 | D:9      | Bought a scroll of teleportation for 36 gold pieces
 14962 | D:9      | Found Hiysiph's Antique Armour Shop.
 14965 | D:9      | Bought a warped ring mail for 279 gold pieces
 14965 | D:9      | Identified the +6 ring mail "Vibruzigeu" {rF+ MP+9 Slay+4}
                  | (You bought it in a shop on level 9 of the Dungeon)
 15063 | D:9      | Learned a level 2 spell: Blink
 15550 | D:9      | Found Yluitt's Jewellery Emporium.
 15685 | D:9      | Reached skill level 10 in Stealth
 15774 | D:9      | Noticed a two-headed ogre
 15824 | D:9      | Killed a two-headed ogre
 15825 | D:9      | Reached XP level 11. HP: 37/98 MP: 15/20
 16149 | D:9      | Noticed a two-headed ogre
 16171 | D:9      | Killed a two-headed ogre
 16356 | D:9      | Found Juadopt's Antique Armour Emporium.
 16362 | D:9      | Bought a runed helmet for 255 gold pieces
 16362 | D:9      | Bought a pair of embroidered gloves for 255 gold pieces
 16623 | D:9      | Found Tumyolele's General Store.
 16630 | D:9      | Bought a scroll of teleportation for 39 gold pieces
 16650 | D:9      | Found a shimmering blue altar of Sif Muna.
 16850 | D:10     | Entered Level 10 of the Dungeon
 17241 | D:10     | Noticed a two-headed ogre
 17253 | D:10     | Killed a two-headed ogre
 17254 | D:10     | Reached skill level 5 in Short Blades
 17749 | D:10     | Noticed a two-headed ogre
 17764 | D:10     | Killed a two-headed ogre
 17902 | D:10     | Found a broken altar of Ashenzari.
 18719 | D:11     | Found Zoiqar's Antique Armour Emporium.
 18730 | D:11     | Bought a kite shield for 117 gold pieces
 18773 | D:11     | Reached skill level 11 in Stealth
 19067 | D:11     | Found a staircase to the Orcish Mines.
 19241 | D:11     | Noticed a wizard
 19307 | D:11     | Killed a wizard
 19308 | D:11     | Reached XP level 12. HP: 54/109 MP: 22/22
 19589 | D:9      | Bought the ring of Prescription {rCorr AC+4 Slay+2} for 627
                  | gold pieces
 19714 | D:8      | Killed a two-headed ogre
 19820 | D:8      | Found a hide-covered altar of Uskayaw.
 19833 | D:8      | Found a staircase to the Lair.
 19989 | D:8      | Killed Joseph
 20115 | D:8      | Noticed Grum
 20132 | D:8      | Killed Grum
 20265 | D:8      | Found a sacrificial altar of Ru.
 20658 | Orc:1    | Entered Level 1 of the Orcish Mines
 20684 | Orc:1    | Found a burning altar of Makhleb.
 20954 | Orc:1    | Noticed an orc high priest
 20959 | Orc:1    | Killed an orc high priest
 21111 | Orc:1    | Found Zyrur's Self-Improvement Boutique.
 21121 | Orc:1    | Bought a manual of Short Blades for 960 gold pieces
 21135 | Orc:1    | You fall into a shaft and drop 1 floor!
 21135 | Orc:2    | Entered Level 2 of the Orcish Mines
 21155 | Orc:2    | Found a staircase to the Elven Halls.
 21218 | Orc:2    | Noticed a two-headed ogre
 21239 | Orc:2    | Killed a two-headed ogre
 21240 | Orc:2    | Noticed a two-headed ogre
 21250 | Orc:2    | Killed a two-headed ogre
 21257 | Orc:2    | Noticed an ogre mage
 21269 | Orc:2    | Killed an ogre mage
 21277 | Orc:2    | Reached skill level 12 in Stealth
 21277 | Orc:2    | Reached skill level 5 in Fire Magic
 21494 | Orc:2    | Noticed a two-headed ogre
 21504 | Orc:2    | Killed a two-headed ogre
 21581 | Orc:2    | Noticed a two-headed ogre
 21586 | Orc:2    | Noticed a two-headed ogre
 21590 | Orc:2    | Killed a two-headed ogre
 21594 | Orc:2    | Killed a two-headed ogre
 21689 | Orc:2    | Noticed an ogre mage
 21706 | Orc:2    | Gained mutation: You can use your snake-like lower body to
                  | constrict enemies. [Naga growth]
 21706 | Orc:2    | Reached XP level 13. HP: 99/117 MP: 24/24
 22180 | Orc:2    | Reached skill level 10 in Poison Magic
 22231 | Orc:2    | Found Jeakhiot's Book Shoppe.
 22250 | Orc:2    | Reached skill level 5 in Shields
 22583 | Orc:1    | Bought a manual of Translocations for 960 gold pieces
 22656 | Orc:2    | Reached skill level 1 in Translocations
 22792 | Orc:2    | Found Pyfuusaf's Jewellery Shop.
 22799 | Orc:2    | Found Toar's Assorted Antiques.
 22800 | Orc:2    | Found Boithrado's Antique Armour Shoppe.
 22984 | Orc:2    | Identified the +5 mace of Accord {venom, *Rage Str+8 Dex+6}
 23389 | Orc:2    | Bought a shiny tower shield for 232 gold pieces
 24391 | D:13     | Reached skill level 13 in Stealth
 24430 | D:13     | Found a transporter.
 24455 | D:13     | Found a gate leading to a gauntlet.
 24463 | Gauntlet | Entered a Gauntlet
 24463 | Gauntlet | Found a transporter.
 24466 | Gauntlet | Found a transporter.
 24470 | Gauntlet | Noticed a dire elephant
 24471 | Gauntlet | Found a transporter.
 24472 | Gauntlet | Found a transporter.
 24477 | Gauntlet | Noticed a balrug
 24479 | Gauntlet | Found a transporter.
 24479 | Gauntlet | Found a transporter.
 24481 | Gauntlet | Found a transporter.
 24488 | Gauntlet | Found a transporter.
 24548 | Gauntlet | Found a transporter.
 24564 | Gauntlet | Found a transporter.
 24568 | Gauntlet | Found a transporter.
 24586 | Gauntlet | Found a transporter.
 24840 | Gauntlet | Lost mutation: Your tail ends in a poisonous barb. [potion
                  | of mutation]
 24840 | Gauntlet | Gained mutation: You are partially covered in iridescent
                  | scales. (AC +2) [potion of mutation]
 24858 | Gauntlet | Killed a balrug
 24864 | Gauntlet | Got Touv's Reference Book on Poison and Darkness
 24885 | Gauntlet | Learned a level 2 spell: Sublimation of Blood
 24908 | Gauntlet | Identified the +7 mace of Defiance {spect, Contam Fragile
                  | rC+++ SInv}
 24908 | Gauntlet | Noticed a minotaur
 24923 | Gauntlet | Killed a minotaur
 25164 | D:13     | Found a transporter.
 25165 | D:13     | Noticed a white very ugly thing
 25193 | D:13     | Noticed Azrael
 25471 | D:12     | Killed Azrael
 25472 | D:12     | Reached skill level 1 in Necromancy
 25472 | D:12     | Reached XP level 14. HP: 65/127 MP: 26/26
 25715 | D:14     | Noticed Rupert
 25715 | D:14     | Found a gate to the Vaults.
 26158 | D:13     | Found an iron altar of Okawaru.
 26442 | Orc:2    | Bought a glowing cloak for 232 gold pieces
 26570 | D:14     | Found a portal to a secret trove of treasure.
 26593 | D:14     | Identified a scroll of acquirement
 26594 | D:14     | Acquired the amulet of Ystuotyd {Reflect Slay+2 SH+5}
 26856 | D:15     | Entered Level 15 of the Dungeon
 26856 | D:15     | Noticed a green very ugly thing
 26877 | D:15     | Killed a green very ugly thing
 27436 | D:14     | Reached skill level 5 in Translocations
 27627 | D:15     | Killed Rupert
 28042 | D:14     | Demolished by an ettin

Illustrated notes

Levels and vault maps discovered:
D:1:      ncdulo_watergridlock, layout_basic,
          shapermc_ecumenical_altar_flowoftime, chequers_serial_rivers_micro_b,
          hex_intersection
D:2:      layout_basic, serial_undead, serial_undead_f, serial_undead_f,
          serial_undead_b, serial_undead_e, kennysheep_decorative_pillar,
          uniq_sigmund, uniq_natasha
D:3:      layout_basic, nemelex_dance_club_becter, serial_bayou_crossing,
          uniq_terence, uniq_jessica, uniq_grinder
D:4:      layout_basic, vehumet_altar_wand_db
D:5:      minmay_general_purpose_star, layout_loops_cross, lemuel_tele_altar,
          lemuel_temple_firewalk_b, nicolae_ossuary_entry_ruins,
          supply_closet_lemuel, roderic_lattice_a
D:6:      layout_loops_ring, kennysheep_little_box, minmay_microvault,
          uniq_duvessa, uniq_edmund
D:7:      layout_gridville, nicolae_dithmenos_through_a_glass_darkly,
          nicolae_gozag_zags_fifth_avenue, serial_shops, shop
D:8:      layout_basic, dancing_weapons_uskayaw,
          nicolae_ru_the_path_less_chosen, due_lair_maze_entry_diamond,
          uniq_grum, uniq_joseph
D:9:      minmay_polygon_palace, layout_stronghold, led_sif_book, serial_shops,
          nicolae_shop_stone, nicolae_shop_behind_doors, nicolae_shop_trees,
          nicolae_stop_n_shop_1, nicolae_shop_statue_plus
D:10:     layout_basic, kennysheep_mini_moat, grunt_ministairs_3
D:11:     layout_roguey, david_orc_5, serial_shops, nicolae_shop_waterfront
D:12:     layout_stronghold, minmay_misc_feat_diagonals
D:13:     layout_cave_pools, gammafunk_ghost_abyssal_escape, enter_bailey_7,
          gauntlet_entry_generic, okawaru_trees_1, uniq_azrael
D:14:     nzn_winding_woodlands_small [nzn_winding_woodlands_5x15_eye,
          nzn_winding_woodlands_center_lodge,
          nzn_winding_woodlands_5x15_zeroes], layout_cave_pools, david_vaults_3,
          nicolae_trove_entry_crossroad, zin_statuary, uniq_rupert
D:15:     grunt_enter_depths_snipers, layout_cave_pools, glass_columns_a,
          minmay_librarian
Temple:   hc_temple_tempest_star
Orc:1:    layout_diamond_mine, basic_altar, hellmonk_bongcloud_opening,
          nicolae_shop_self_help
Orc:2:    st_orc_open, layout_caves, nooodl_orcs_dogs

Skill      XL: |  1  2  3  4  5  6  7  8  9 10 11 12 13 14 |
---------------+-------------------------------------------+-----
Conjurations   | 1 2 3 4 5 6 7 8 |  8.9
Fighting       | 2 3 4 5 6 7 8 9 |  9.2
Stealth        | 4 5 6 7 9 10 11 12 13 | 13.9
Poison Magic   | 1 2 3 4 5 6 7 8 9 10 11 | 11.2
Air Magic      | 1 2 3 4 5 6 7 8 |  8.8
Spellcasting   | 3 4 5 6 7 8 |  8.5
Short Blades   | 1 3 4 5 6 8 9 |  9.6
Shields        | 1 2 3 4 5 6 |  6.0
Fire Magic     | 2 4 5 6 7 |  7.1
Translocations | 3 5 |  5.0
Necromancy     | 1 2 |  2.9
Crossbows      | |  1.7
Armour         | |  1.5
Transmutations | |  1.0

Action                   |  1- 3 |  4- 6 |  7- 9 | 10-12 | 13-15 || total
-------------------------+-------+-------+-------+-------+-------++-------
Melee: Dagger            |    50 |    68 |   258 |   608 |   518 ||  1502
       Short sword       |       |    30 |   120 |       |       ||   150
       Constrict         |       |       |       |       |    93 ||    93
 Cast: Magic Dart        |    28 |    71 |    51 |    72 |     5 ||   227
       Mephitic Cloud    |       |       |     1 |    63 |    22 ||    86
       Conjure Flame     |       |       |       |     4 |       ||     4
 Abil: Spit Poison       |    37 |    17 |    25 |     8 |     5 ||    92
  Use: Scroll            |       |     5 |    15 |     6 |     4 ||    30
       Potion            |       |       |     3 |     3 |     1 ||     7
 Stab: Sleeping          |     1 |     2 |    16 |     4 |     7 ||    30
       Confused          |       |       |     2 |    33 |    17 ||    52
       Distracted        |       |       |       |     3 |     2 ||     5
Armor: Leather armour    |    19 |    44 |    99 |    30 |       ||   192
       Ring mail         |       |       |       |   183 |   304 ||   487
       Skin              |       |       |       |    27 |       ||    27
Dodge: Dodged            |    43 |    51 |   157 |   190 |    98 ||   539
Block: Buckler           |       |       |    11 |    48 |       ||    59
       Kite shield       |       |       |       |   112 |    55 ||   167
       Tower shield      |       |       |       |       |   378 ||   378
       Reflection        |       |       |       |       |     9 ||     9
